AoeStats
← attila

Highland

505404895Analyzed
4v4 RM · 24d ago on Sep 9, 2026· 50m 46s· 8 players
Game mode
Random Map
Map size
Large (8 player)
Population
200
Speed
Normal
Resources
Standard
Victory
Conquest
Starting age
Dark Age
Ending age
Imperial Age
RankedLock teamsTeams togetherTeam positionsShared explorationLock speedFull tech treeHidden civsTurbo modeCheats
Victory
Defeat
🇺🇸 Burgundians · United States
804
+12
🇲🇽 Franks · Mexico
739
+14
🇹🇷 Persians · Türkiye
676
+17
🇷🇺 Georgians · Russia
546
+23
🇸🇬 Huns · Singapore
710
-17
🇺🇸 Wu · United States
710
-17
🇨🇳 Chinese · China
703
-17
🇨🇳 Teutons · China
673
-15
Soldaris
2:13 Loom
9:44 Feudal Age
10:11 Double-Bit Axe
11:04 Wheelbarrow
Smurfm4n87
0:43 Loom
15:29 Feudal Age
20:51 Forging
20:43 Scale Mail Armor
20:35 Double-Bit Axe
24:19 Castle Age
22:07 Horse Collar
24:16 Fletching
26:00 Heavy Plow
26:41 Wheelbarrow
27:15 Bodkin Arrow
28:01 Iron Casting
27:27 Padded Archer Armor
27:43 Chain Mail Armor
28:25 Hand Cart
32:09 Leather Archer Armor
32:04 Elite Skirmisher
32:48 Squires
32:34 Arson
32:14 Man-at-Arms
35:34 Bow Saw
39:01 Imperial Age
36:19 Pikeman
37:36 Fervor
37:47 Sanctity
40:17 Halberdier
Tirite
0:35 Loom
10:25 Feudal Age
12:17 Double-Bit Axe
12:36 Horse Collar
13:10 Gold Mining
14:37 Stone Mining
20:09 Castle Age
18:42 Fletching
21:22 Bow Saw
21:14 Heavy Plow
22:08 Gold Shaft Mining
22:08 Stone Shaft Mining
23:25 Caravan
24:02 Fortified Wall
23:48 Murder Holes
25:21 Masonry
30:42 Imperial Age
30:34 Wheelbarrow
29:44 Town Watch
31:17 Bodkin Arrow
31:23 Padded Archer Armor
32:37 Architecture
31:52 Arrowslits
33:08 Chemistry
32:43 Architecture
32:00 Arrowslits
32:36 Ballistics
32:28 Clinker Construction
32:28 Careening
33:55 Two-Man Saw
33:21 Heated Shot
34:43 Town Patrol
35:47 Bracer
37:01 Rocketry
38:03 Hand Cart
39:22 Bombard Tower
zar
11:49 Feudal Age
13:47 Horse Collar
13:54 Double-Bit Axe
17:44 Castle Age
ostiinn
0:30 Loom
13:52 Feudal Age
18:18 Castle Age
16:58 Double-Bit Axe
18:09 Wheelbarrow
19:15 Gold Mining
19:54 Bow Saw
31:28 Imperial Age
30:44 Forging
30:39 Scale Barding Armor
30:42 Husbandry
31:11 Caravan
32:34 Iron Casting
32:52 Conscription
32:15 Cavalier
33:04 Chivalry
34:17 Paladin
40:20 Chain Barding Armor
43:03 Blast Furnace
42:38 Plate Barding Armor
48:00 Spies/Treason
Light
3:37 Loom
12:01 Feudal Age
12:47 Double-Bit Axe
14:32 Man-at-Arms
14:58 Arson
15:44 Horse Collar
16:26 Arson
23:56 Castle Age
22:44 Scale Mail Armor
23:49 Fletching
23:50 Town Watch
24:06 Gold Mining
24:51 Bodkin Arrow
26:28 Bow Saw
26:45 Murder Holes
39:10 Scale Barding Armor
39:15 Forging
39:08 Husbandry
39:19 Bloodlines
40:28 Chain Barding Armor
41:20 Iron Casting
41:04 Heavy Plow
41:08 Stone Mining
45:15 Imperial Age
43:20 Wheelbarrow
45:09 Hand Cart
44:54 Town Patrol
45:58 Spies/Treason
48:07 Conscription
48:26 Plate Barding Armor
48:51 Blast Furnace
47:25 Elite Monaspa
50:22 Crop Rotation
50:59 Chemistry
Nicotine
10:12 Feudal Age
9:02 Double-Bit Axe
10:17 Loom
11:19 Bow Saw
17:43 Castle Age
17:40 Horse Collar
19:33 Two-Man Saw
19:14 Heavy Plow
20:40 Pikeman
21:12 Cavalier
22:47 Gold Mining
23:50 Forging
25:23 Squires
27:11 Scale Barding Armor
30:50 Stone Mining
32:59 Stone Shaft Mining
33:01 Gold Shaft Mining
38:28 Imperial Age
36:36 Wheelbarrow
36:05 Man-at-Arms
36:31 Arson
37:43 Husbandry
38:21 Chain Barding Armor
38:37 Iron Casting
40:17 Chemistry
39:41 Ballistics
39:46 Conscription
38:53 Paladin
38:55 Light Cavalry
44:43 Hussar
46:02 Halberdier
attila
12:20 Feudal Age
13:31 Wheelbarrow
13:48 Double-Bit Axe
13:51 Loom
14:36 Horse Collar
16:18 Fishing Lines
17:07 Gold Mining
24:17 Castle Age
25:14 Hand Cart
25:12 Bow Saw
28:08 Town Watch
29:02 Heavy Plow
29:41 Gold Shaft Mining
29:24 Town Patrol
29:18 Stone Mining
30:04 Medium Warships
30:50 Murder Holes
31:07 Masonry
30:49 Guard Tower
37:12 Imperial Age
35:37 Stone Shaft Mining
37:24 Clinker Construction
37:25 Careening
37:21 Siphons
37:38 Ballistics
37:16 Pikeman
37:56 Squires
37:43 Arson
39:29 Conscription
39:46 Hoardings
41:38 Citadels
41:00 Sappers
41:30 Kamandaran
40:56 Crossbowman
41:42 Thumb Ring
43:12 Elite War Elephant
45:15 Guilds
45:36 Coinage
45:06 Caravan
45:15 Fletching
45:26 Padded Archer Armor
48:51 Bodkin Arrow
49:12 Leather Archer Armor
48:36 Spies/Treason
Connection lost

Rejoining the realm…

Still unreachable

The connection could not be restored.

Session expired

The server has moved on; the page needs a fresh start.